 Dungeon Crawl Stone Soup version 0.30.1-11-g7821555f0a (webtiles) character file.

Game seed: 17116134032142213773

71 leoleoleoleo212121 the Trooper (level 4, -1/41 HPs)
             Began as a Minotaur Berserker on Dec 12, 2023.
             Was a Believer of Trog.
             Slain by a gnoll
             ... wielding a +0 whip
              (3 damage)
             ... on level 2 of the Dungeon.
             The game lasted 00:11:36 (1193 turns).

leoleoleoleo212121 the Trooper (Minotaur Berserker) Turns: 1193, Time: 00:11:37

Health: -1/41      AC:  5    Str: 23    XL:     4   Next: 5%
Magic:  3/3        EV: 12    Int:  4    God:    Trog [**....]
Gold:   110        SH:  0    Dex: 10    Spells: 3/3 levels left

rFire   . . .        a - +0 hand axe
rCold   . . .        (no shield)
rNeg    . . .        h - +0 leather armour
rPois   .            (helmet restricted)
rElec   .            i - +1 cloak
rCorr   .            (no gloves)
SInv    .            (no boots)
Will    .....        g - amulet of faith
Stlth   +            (no ring)
HPRegen 0.26/turn    (no ring)
MPRegen 0.08/turn

%: faith
@: no status effects
A: horns 2, retaliatory headbutt
a: Renounce Religion, Berserk, Trog's Hand


You were on level 2 of the Dungeon.
You worshipped Trog.
Trog was pleased with you.
You visited 1 branch of the dungeon, and saw 2 of its levels.

You collected 110 gold pieces.

Inventory:

Hand Weapons
 a - a +0 hand axe (weapon)
Missiles
 j - 9 poisoned darts (quivered)
Armour
 h - a +0 leather armour (worn)
 i - a +1 cloak (worn)
Jewellery
 g - an amulet of faith (around neck)
Scrolls
 d - a scroll of identify {unknown}
 f - a scroll of teleportation {unknown}
Potions
 b - a potion of degeneration {unknown}
 c - 2 potions of flight {unknown}
 e - a potion of heal wounds {unknown}


   Skills:
 + Level 4.9 Fighting
 + Level 4.2 Axes
 + Level 2.9 Armour
 + Level 2.6 Dodging
 + Level 0.3 Stealth


You had 3 spell levels left.
You didn't know any spells.
Your spell library was empty.

Dungeon Overview and Level Annotations

Branches:
Dungeon (2/15)

Altars:


Innate Abilities, Weirdness & Mutations

You have a pair of horns on your head.
You reflexively headbutt those who attack you in melee.


Message History

You hit the gnoll. You headbutt the gnoll.
The gnoll is severely wounded.
The gnoll closely misses you.
You closely miss the gnoll.
The gnoll is severely wounded.
The gnoll hits you with a +0 flail.
* * * LOW HITPOINT WARNING * * *
You hit the gnoll but do no damage.
The gnoll is severely wounded.
You hit the quokka.
You kill the quokka!
Trog accepts your kill. The gnoll closely misses you.
You hit the gnoll.
You kill the gnoll!
Trog accepts your kill. The ball python bites you.
* * * LOW HITPOINT WARNING * * *
The ball python barely misses you.
You have reached level 4!
You feel agile.
You hit the gnoll. You headbutt the gnoll.
The gnoll is moderately wounded.
You hit the ball python.
You kill the ball python!
Trog accepts your kill. The gnoll completely misses you.
You barely miss the gnoll.
The gnoll is moderately wounded.
The gnoll hits you with a +0 whip.
* * * LOW HITPOINT WARNING * * *
The gnoll barely misses you.
You hit the gnoll but do no damage.
The gnoll is moderately wounded.
The gnoll hits you with a +0 whip.
* * * LOW HITPOINT WARNING * * *
You hit the gnoll.
The gnoll is severely wounded.
The gnoll hits you with a +0 whip.
You die...

.#..#...#.###'###.#
.#....#..#)##......# .
#.....#..#.#.......#
..##.....#..#.#.......##
.#)?#....#..#.#.#.......
#....#..#...#.#.##......
.....g#.#...#.#..'......
.....rg#.†....#.##......
#@?.†.############
#.†...#.#.[.........
.....#####.........####
...... +.........# ####.
#........<#### ..
+.........##.. ##
##.........##..
+..........>#..
#####....##.#..


You could see 2 gnolls and a rat.

Vanquished Creatures
  2 adders (D:2)
  A gnoll (D:2)
  3 endoplasms
  3 giant cockroaches
  A hobgoblin (D:1)
  11 jackals
  6 kobolds
  4 quokkas
  A ball python (D:2)
  2 bats
  3 frilled lizards
  A rat (D:1)
38 creatures vanquished.

Notes
Turn   | Place    | Note
-------+----------+-------------------------------------------
     0 | D:1      | leoleoleoleo212121 the Minotaur Berserker began the quest
                  | for the Orb.
     0 | D:1      | Reached XP level 1. HP: 19/19 MP: 0/0
   231 | D:1      | Reached XP level 2. HP: 27/27 MP: 1/1
   706 | D:1      | Reached ** piety under Trog
   778 | D:1      | Reached XP level 3. HP: 32/34 MP: 2/2
   827 | D:1      | 5
  1190 | D:2      | Reached XP level 4. HP: 11/41 MP: 3/3
  1192 | D:2      | HP: 2/41 [gnoll/+0 whip (6)]
  1193 | D:2      | Slain by a gnoll

Illustrated notes

#.##..#.......#..###.######.
#.##..#.......#......# #.
#)##..#.......#..##### #.
#.##..#'#######..# ##
#.##.............#
#.##.............#
#.##########.##### #.# ##.#
###.#########@.#
#.).).........##
####.....#########
.........# ####.....#
#.....# #.....# #.....#
#.....#


Turn 827 on D:1: 5

Levels and vault maps discovered:
D:1:      lemuel_arrival_room, layout_basic
D:2:      layout_basic, chequers_decorated_corner, minmay_circled_x

Skill      XL: |  1  2  3 |
---------------+----------+-----
Fighting       | 4 |  4.9
Axes           | 4 |  4.2
Armour         | |  2.9
Dodging        | |  2.6
Stealth        | |  0.3

Action                     |  1- 3 |  4- 6 || total
---------------------------+-------+-------++-------
  Melee: Hand axe          |    70 |     4 ||    74
         Headbutt          |    10 |     1 ||    11
 Armour: Animal skin       |     1 |       ||     1
         Leather armour    |    27 |       ||    27
  Dodge: Dodged            |    55 |     2 ||    57
